 Dungeon Crawl Stone Soup version 0.28-a0-1038-g9c4cb8273d (webtiles) character file.

Game seed: 2968432707604484778

266 Jannitor the Skirmisher (level 6, -3/48 HPs)
             Began as a Demonspawn Cinder Acolyte on Dec 8, 2021.
             Was a High Priest of Ignis.
             Slain by an ogre (10 damage)
             ... on level 4 of the Dungeon.
             The game lasted 00:03:51 (3087 turns).

Jannitor the Skirmisher (Demonspawn Cinder Acolyte) Turns: 3087, Time: 00:03:52

Health: -3/48      AC: 13    Str: 16    XL:     6   Next: 0%
Magic:  9/9        EV: 10    Int: 15    God:    Ignis [*****.]
Gold:   151        SH:  0    Dex:  9    Spells: 8/10 levels left

rFire   + . .      SeeInvis .   a - -1 mace (flame)
rCold   . . .      Faith    .   (no shield)
rNeg    . . .      Spirit   .   h - +0 scale mail
rPois   .          Reflect  .   (no helmet)
rElec   .          Harm     .   (no cloak)
rCorr   .          Rampage  .   (no gloves)
Will    .....                   (no boots)
Stlth   +.........              i - amulet of magic regeneration
HPRegen 0.16/turn               (no ring)
MPRegen 0.51/turn               (no ring)

@: mighty, fiery-armoured
A: hooves 1, sturdy frame 2
a: Renounce Religion, Fiery Armour, Foxfire Swarm, Rising Flame


You were on level 4 of the Dungeon.
You worshipped Ignis.
Ignis was extremely pleased with you.
You visited 1 branch of the dungeon, and saw 4 of its levels.

You collected 151 gold pieces.

Inventory:

Hand Weapons
 a - a -1 mace of flaming (weapon)
Armour
 b - a +0 robe
 d - a +0 tower shield
 h - a +0 scale mail (worn)
Jewellery
 i - an amulet of magic regeneration (around neck)
Scrolls
 e - a scroll of magic mapping {unknown}
 f - a scroll of identify {unknown}
 g - a scroll of immolation {unknown}
 l - a scroll of teleportation {unknown}
 o - a scroll of torment {unknown}
Potions
 c - a potion of brilliance {unknown}
 j - a potion of might
 k - a potion of degeneration {unknown}
 m - a potion of heal wounds {unknown}
 n - a potion of ambrosia {unknown}


   Skills:
 + Level 4.0 Fighting
 + Level 3.6 Maces & Flails
 + Level 1.7 Armour
 - Level 0.5 Shields
 + Level 2.5 Spellcasting
 + Level 3.6 Fire Magic


You had 8 spell levels left.
You knew the following spells:

 Your Spells              Type           Power      Damage    Failure   Level
a - Scorch                Fire           24%        2d6       11%         2

Your spell library contained the following spells:

 Spells                   Type           Power      Damage    Failure   Level


Dungeon Overview and Level Annotations

Branches:
Dungeon (4/15)
 Temple: D:4-7

Altars:
Xom
Zin
The Shining One


Innate Abilities, Weirdness & Mutations

You have large cloven feet.
Your movements are less encumbered by armour. (ER -4)


Message History

Deactivating autopickup; reactivate with Ctrl-A.
Something hits you but does no damage.
No target in view!
You miss something. Your kick misses something.
Something hits you but does no damage. Something hits you.
Something shocks you.
You miss something. Something hits you but does no damage.
You barely miss something. Something hits you but does no damage.
Reactivating autopickup.
You feel a bit more experienced.
Your Fighting skill increases to level 4!
You have reached level 6!
Your demonic ancestry asserts itself...
You feel less encumbered by your armour.
You climb downwards.
The ogre hits you with a +0 giant spiked club!!
The ogre is burned by your cloak of flames.
The ogre is moderately wounded.
There is a stone staircase leading up, spattered with blood here.
Unknown command.
You hit the ogre but do no damage. You kick the ogre, but do no damage.
The ogre is moderately wounded.
The ogre barely misses you.
You hit the ogre. You burn the ogre.
The ogre is moderately wounded.
The ogre hits you with a +0 giant spiked club!
* * * LOW HITPOINT WARNING * * *
The ogre is burned by your cloak of flames.
The ogre is heavily wounded.
It was a potion of might.
You feel very mighty all of a sudden. The ogre barely misses you.
Unknown command.
You barely miss the ogre.
The ogre is heavily wounded.
The ogre misses you.
You barely miss the ogre.
The ogre is heavily wounded.
The ogre hits you with a +0 giant spiked club!
You die...

#......#........
#......#........
#......#........
#......'........
#......#........
#......#........
#......#........
#......#........
#......#@.......
#......#O.....<.
#......#........
#......#........
#......'........
#......#........
#......#........
#......#########
########


You could see an ogre.

Vanquished Creatures
  A sky beast (D:3)
  A scorpion (D:2)
  A bullfrog skeleton (D:3)
  3 adders
  3 dart slugs
  2 orcs (D:3)
  4 ball pythons
  10 endoplasms
  4 giant cockroaches
  4 goblins
  3 hobgoblins
  2 quokkas (D:1)
  5 bats
  4 frilled lizards
  5 kobolds
  2 rats
54 creatures vanquished.

Notes
Turn   | Place    | Note
-------+----------+-------------------------------------------
     0 | D:1      | Jannitor the Demonspawn Cinder Acolyte began the quest for
                  | the Orb.
     0 | D:1      | Reached XP level 1. HP: 18/18 MP: 2/2
   360 | D:1      | Gained mutation: Your movements are slightly less
                  | encumbered by armour. (ER -2) [demonic ancestry]
   360 | D:1      | Reached XP level 2. HP: 23/24 MP: 3/3
  1205 | D:1      | Gained mutation: You have large cloven feet. [demonic
                  | ancestry]
  1205 | D:1      | Reached XP level 3. HP: 29/29 MP: 5/5
  1492 | D:2      | Learned a level 2 spell: Scorch
  2308 | D:2      | Reached XP level 4. HP: 30/35 MP: 6/6
  2414 | D:3      | Noticed a scorpion
  2443 | D:3      | Noticed an angel
  2443 | D:3      | Found a shimmering altar of Xom.
  2775 | D:2      | Killed a scorpion
  2776 | D:2      | Reached skill level 1 in Armour
  2776 | D:2      | Reached XP level 5. HP: 24/42 MP: 6/8
  2958 | D:3      | Noticed a sky beast
  3063 | D:4      | Noticed an ogre
  3080 | D:3      | Killed a sky beast
  3081 | D:3      | Reached skill level 4 in Fighting
  3081 | D:3      | Gained mutation: Your movements are less encumbered by
                  | armour. (ER -4) [demonic ancestry]
  3081 | D:3      | Reached XP level 6. HP: 34/48 MP: 9/9
  3087 | D:4      | Slain by an ogre

Illustrated notes

Levels and vault maps discovered:
D:1:      dpeg_arrival_signposts, layout_loops_corners
D:2:      layout_basic, basic_altar, kennysheep_generic_room_2
D:3:      layout_rooms, grunt_temple_overflow_order_and_chaos_1,
          okawaru_trees_2, led_sif_pool, st_stairs_10
D:4:      layout_gridville, worldfamousw_hep_ancestral_shrine,
          corexii_checkpoint_a, roderic_roman_lattice

Skill      XL: |  1  2  3  4  5 |
---------------+----------------+-----
Maces & Flails | 3 |  3.6
Fire Magic     | 3 |  3.6
Armour         | 1 |  1.7
Spellcasting   | 2 |  2.5
Fighting       | 4 |  4.0
Shields        | |  0.5

Action                   |  1- 3 |  4- 6 || total
-------------------------+-------+-------++-------
Melee: Mace              |   119 |    43 ||   162
       Kick              |     8 |     8 ||    16
Invok: Fiery Armour      |       |     2 ||     2
  Use: Potion            |       |     1 ||     1
Armor: Robe              |    12 |       ||    12
       Scale mail        |    48 |    26 ||    74
Dodge: Dodged            |    60 |    33 ||    93

Table legend: (Time is in decaauts)
 A = Elapsed time spent in this place.
 B = Non-inter-level travel time spent in this place.
 C = Inter-level travel time spent in this place.
 D = Time resting spent in this place.
 E = Time spent auto-exploring this place.
 F = Levels seen in this place.
 G = Mean time per level.
                   A        B        C        D        E       F      G
               +--------+--------+--------+--------+--------+-----+--------+
         Total |   3132 |   2861 |    271 |    321 |   1941 |   4 |  783.0 |
       Dungeon |   3132 |   2861 |    271 |    321 |   1941 |   4 |  783.0 |
               +--------+--------+--------+--------+--------+-----+--------+

Top non-repeatable levels by time:
     D:1: 1441 daAuts
     D:2: 1341 daAuts
     D:3: 267 daAuts
     D:4: 82 daAuts
